AoeStats
← CNZS_98T

Fortress

508480240Analyzed
4v4 RM · 9d ago on Sep 22, 2026· 48m 8s· 8 players
Game mode
Random Map
Map size
Huge
Population
200
Speed
Normal
Resources
Standard
Victory
Conquest
Starting age
Dark Age
Ending age
Imperial Age
RankedLock teamsTeams togetherTeam positionsShared explorationLock speedFull tech treeHidden civsTurbo modeCheats
Victory
Defeat
🇳🇱 Saxons · Netherlands
1979
+16
🇨🇳 Saxons · China
1971
+17
🇨🇳 Varangians · China
1951
+18
🇮🇳 Varangians · India
1950
+18
🇦🇷 Persians · Argentina
2053
-20
🇲🇽 Italians · Mexico
2029
-19
🇪🇸 Saxons · Spain
2021
-19
🇲🇽 Danes · Mexico
1846
-11
_LY_Yo
7:08 Feudal Age
10:49 Castle Age
8:59 Double-Bit Axe
9:26 Horse Collar
13:22 Bow Saw
19:11 Wheelbarrow
18:55 Heavy Plow
20:16 Hand Cart
20:31 Gold Mining
20:31 Stone Mining
25:03 Imperial Age
22:20 Town Watch
23:34 Forging
23:53 Loom
24:27 Scale Barding Armor
25:02 Iron Casting
24:28 Padded Archer Armor
26:12 Conscription
25:41 Elite Jarl
26:38 Scale Barding Armor
26:47 Bloodlines
26:37 Husbandry
28:10 Blast Furnace
27:15 Vendel Legacy
29:28 Chain Barding Armor
31:11 Stone Shaft Mining
31:10 Crop Rotation
31:34 Masonry
31:16 Capped Ram
33:10 Two-Man Saw
33:29 Plate Barding Armor
34:52 Coinage
34:21 Treadmill Crane
35:12 Ballistics
35:07 Siege Engineers
35:15 Onager
35:59 Caravan
36:33 Banking
36:39 Architecture
38:57 Guilds
39:05 Fletching
39:37 Ballistics
39:31 Siege Ram
40:36 Bodkin Arrow
41:27 Bracer
43:37 Chemistry
CNZS_98T
6:19 Feudal Age
10:45 Castle Age
9:13 Double-Bit Axe
9:25 Horse Collar
11:36 Bow Saw
12:35 Heavy Plow
17:50 Wheelbarrow
18:04 Gold Mining
18:58 Hand Cart
21:01 Stone Mining
21:49 Gold Shaft Mining
21:42 Loom
21:58 Town Watch
25:04 Imperial Age
22:55 Scale Mail Armor
22:56 Squires
22:44 Gambesons
22:44 Arson
24:33 Chain Mail Armor
24:29 Forging
26:54 Two-Man Saw
25:34 Shield Wall
26:40 Conscription
26:52 Plate Mail Armor
26:57 Iron Casting
26:13 Elite Hearth Troop
27:34 Fletching
28:20 Bodkin Arrow
28:51 Padded Archer Armor
29:20 Caravan
30:05 Ballistics
30:46 Chemistry
29:28 Treadmill Crane
29:50 Bracer
30:13 Capped Ram
31:23 Leather Archer Armor
31:42 Masonry
31:12 Siege Ram
32:42 Crop Rotation
32:45 Ring Archer Armor
32:54 Hoardings
33:28 Coinage
34:44 Heavy Scorpion
36:19 Architecture
41:37 Clerical Recruitment
42:20 Devotion
43:20 Block Printing
43:53 Redemption
44:55 Sanctity
45:02 Illumination
45:14 Theocracy
46:32 Atonement
DK2
7:15 Feudal Age
11:11 Castle Age
9:19 Double-Bit Axe
9:43 Horse Collar
13:49 Bow Saw
20:01 Wheelbarrow
20:46 Gold Mining
21:27 Heavy Plow
21:40 Stone Mining
22:24 Hand Cart
23:52 Stone Shaft Mining
27:00 Imperial Age
25:49 Squires
25:34 Arson
26:02 Forging
25:52 Scale Mail Armor
26:55 Chain Mail Armor
27:05 Elite Varangian Guard
27:07 Gothikon
27:34 Capped Ram
28:55 Conscription
28:35 Siege Ram
28:45 Pikeman
30:12 Plate Mail Armor
29:37 Halberdier
31:13 Iron Casting
31:54 Two-Man Saw
31:26 Crop Rotation
33:24 Caravan
34:13 Town Watch
34:13 Loom
36:04 Scale Barding Armor
37:45 Blast Furnace
37:36 Chain Barding Armor
_LY_lyx
6:09 Feudal Age
10:00 Castle Age
8:42 Double-Bit Axe
9:01 Horse Collar
11:01 Bow Saw
17:08 Wheelbarrow
17:15 Heavy Plow
18:11 Gold Mining
19:14 Hand Cart
20:06 Gold Shaft Mining
20:09 Stone Mining
20:10 Loom
20:11 Town Watch
24:37 Imperial Age
22:09 Scale Mail Armor
22:11 Squires
22:40 Gambesons
23:11 Chain Mail Armor
23:06 Forging
23:21 Arson
23:50 Pikeman
25:28 Iron Casting
24:40 Elite Varangian Guard
25:51 Conscription
25:16 Capped Ram
26:27 Plate Mail Armor
25:43 Capped Ram
26:34 Fletching
26:44 Padded Archer Armor
26:49 Elite Skirmisher
27:42 Thumb Ring
26:58 Crossbowman
28:02 Bodkin Arrow
29:17 Leather Archer Armor
28:33 Capped Ram
30:25 Chemistry
29:31 Bracer
31:29 Two-Man Saw
30:41 Guilds
31:32 Ring Archer Armor
32:00 Caravan
34:10 Caravan
35:15 Arbalester
41:56 Ballistics
42:33 Coinage
42:09 Siege Ram
42:15 Shield Wall
43:46 Banking
45:19 Siege Engineers
46:59 Masonry
47:25 Hoardings
46:56 Murder Holes
VN_Zko
7:15 Feudal Age
11:01 Castle Age
9:10 Double-Bit Axe
10:11 Horse Collar
12:07 Bow Saw
16:05 Wheelbarrow
15:49 Heavy Plow
20:11 Hand Cart
21:16 Town Watch
24:40 Imperial Age
22:35 Scale Mail Armor
22:37 Squires
22:22 Arson
23:08 Stone Mining
23:08 Gold Mining
23:05 Loom
24:16 Chain Mail Armor
24:48 Forging
23:59 Hamask
24:55 Masonry
25:41 Stone Shaft Mining
25:44 Gold Shaft Mining
26:04 Plate Mail Armor
26:30 Conscription
27:15 Iron Casting
27:23 Fletching
28:03 Elite Jomsviking
30:03 Blast Furnace
30:07 Ballistics
30:47 Chemistry
29:43 Bodkin Arrow
29:55 Siege Engineers
30:47 Elite Jomsviking
31:51 Bracer
33:49 Hoardings
40:00 Coinage
39:55 Scale Barding Armor
40:19 Northmen's Fury
41:08 Onager
42:31 Siege Onager
48:25 Banking
48:03 Elite Varangian Guard
VN_DarK_KnighT_
6:26 Feudal Age
7:40 Loom
10:21 Castle Age
8:30 Horse Collar
9:45 Double-Bit Axe
13:23 Bow Saw
17:19 Bow Saw
18:42 Wheelbarrow
22:16 Imperial Age
20:38 Padded Archer Armor
20:46 Stone Mining
20:46 Gold Mining
21:12 Heavy Plow
22:30 Ballistics
24:03 Chemistry
23:24 Conscription
23:14 Town Watch
23:45 Hand Cart
25:26 Pirotechnia
27:28 Leather Archer Armor
29:56 Guilds
31:41 Fortified Wall
33:51 Coinage
35:39 Banking
36:20 Caravan
38:03 Crop Rotation
38:06 Ring Archer Armor
37:26 Fletching
39:15 Scale Mail Armor
39:26 Forging
40:35 Elite Skirmisher
42:23 Bodkin Arrow
43:30 Bracer
44:41 Squires
VN_KoNFeR
7:11 Feudal Age
10:43 Castle Age
8:52 Double-Bit Axe
9:25 Horse Collar
12:31 Bow Saw
18:20 Wheelbarrow
17:42 Gold Mining
17:59 Heavy Plow
18:03 Loom
18:49 Stone Mining
20:22 Hand Cart
20:57 Gold Mining
24:52 Imperial Age
22:56 Fletching
23:06 Padded Archer Armor
23:33 Ballistics
24:32 Thumb Ring
24:41 Bodkin Arrow
25:02 Leather Archer Armor
25:08 Scale Mail Armor
25:21 Forging
25:27 Town Watch
25:27 Town Watch
25:33 Elite Hearth Troop
26:24 Heavy Mounted Crossbowman
26:24 Cranequins
27:38 Conscription
27:47 Bodkin Arrow
28:08 Leather Archer Armor
29:42 Chemistry
30:23 Ring Archer Armor
30:19 Bracer
31:12 Bloodlines
31:02 Husbandry
33:56 Elite Skirmisher
38:12 Squires
37:33 Elite Varangian Guard
37:59 Arson
38:30 Chain Mail Armor
38:51 Iron Casting
39:02 Guilds
39:49 Plate Mail Armor
39:38 Caravan
39:38 Pikeman
45:42 Capped Ram
46:48 Siege Ram
Millo
7:06 Feudal Age
10:47 Castle Age
8:44 Horse Collar
9:20 Double-Bit Axe
10:42 Gold Mining
11:57 Bow Saw
17:54 Wheelbarrow
19:47 Gold Shaft Mining
21:33 Stone Mining
24:58 Imperial Age
22:36 Heavy Plow
23:47 Stone Shaft Mining
23:37 Scale Barding Armor
24:16 Hand Cart
26:22 Two-Man Saw
25:55 Conscription
26:06 Elite War Elephant
27:37 Devotion
27:59 Chain Barding Armor
27:49 Forging
27:45 Loom
28:11 Bloodlines
29:26 Crop Rotation
29:30 Husbandry
30:15 Plate Barding Armor
30:54 Iron Casting
30:27 Town Watch
30:51 Caravan
31:15 Fletching
33:28 Blast Furnace
33:08 Heavy Scorpion
36:06 Town Patrol
39:02 Chemistry
38:22 Ballistics
38:13 Masonry
43:37 Pikeman
44:18 Squires
44:03 Arson
44:04 Gambesons
44:22 Scale Mail Armor
45:07 Halberdier
46:03 Chain Mail Armor
Connection lost

Rejoining the realm…

Still unreachable

The connection could not be restored.

Session expired

The server has moved on; the page needs a fresh start.